 Dungeon Crawl Stone Soup version 0.23.2-1-ga50397a (webtiles) character file.

Game seed: 1459473438901182242

124 Kairos the Covered (level 4, 18/42 HPs)
             Began as a Deep Dwarf Fighter on Apr 24, 2019.
             Quit the game on level 2 of the Dungeon.
             The game lasted 00:01:55 (1587 turns).

Kairos the Covered (Deep Dwarf Fighter)             Turns: 1587, Time: 00:01:55

Health: 18/42      AC:  7    Str: 20    XL:     4   Next: 81%
Magic:  4/4        EV:  7    Int:  9    God:
Gold:   67         SH:  9    Dex: 12    Spells: 3/3 levels left

rFire    . . .     SeeInvis .   a - +0 war axe
rCold    . . .     Gourm    .   c - +0 shield
rNeg     . . .     Faith    .   b - +0 scale mail
rPois    .         Spirit   .   (no helmet)
rElec    .         Reflect  .   (no cloak)
rCorr    .         Harm     .   (no gloves)
MR       .....                  (no boots)
Stlth    ..........             (no amulet)
HPRegen  0.00/turn              (no ring)
MPRegen  0.09/turn              (no ring)

@: non-regenerating
A: damage resistance, heal wounds, sense surroundings 1, no regeneration
a: Heal Wounds


You were on level 2 of the Dungeon.
You were very hungry.

You visited 1 branch of the dungeon, and saw 2 of its levels.

You collected 67 gold pieces.

Inventory:

Hand Weapons
 a - a +0 war axe (weapon)
Armour
 b - a +0 scale mail (worn)
 c - a +0 shield (worn)
Scrolls
 e - a scroll of fog
 g - a scroll of enchant weapon {unknown}
 h - 4 scrolls of remove curse
Potions
 d - a potion of might
Comestibles
 f - 3 rations


   Skills:
 + Level 3.4 Fighting
 + Level 3.6 Axes
 + Level 4.1 Armour
 + Level 0.3 Dodging
 + Level 3.8 Shields


You had 3 spell levels left.
You didn't know any spells.
Your spell library was empty.

Dungeon Overview and Level Annotations

Branches:
Dungeon (2/15)

Altars:
Fedhas
The Shining One


Innate Abilities, Weirdness & Mutations

You are resistant to damage.
You can heal yourself by infusing magical energy.
You passively map a small area around you.
You do not regenerate.


Message History

There is an open door here.
Things that are here:
a +0 club; a hobgoblin corpse
There is an open door here.
Okay, then.
Unknown command.
It was a potion of lignification.
You turn into a tree.
Your +0 scale mail melds into your body.
Your roots penetrate the ground.
You start waiting.
Your transformation is almost over.
You start waiting.
You feel less wooden.
Your +0 scale mail unmelds from your body.
You start waiting.
You are feeling very hungry.
You start waiting.
You start waiting.
Done waiting.
Are you sure you want to abandon this character and quit the game? (Confirm with "yes".)

##################
##...............#
....############.# ##......# #.#
#.#.##.# #.# ######## #.#..#.#
#.# #......# #.#..#.########.#
#......#
##.#..#..........#####......#####
................@....'.)....'..†.
##.#...########...####......#####
##<#+#.## #...# #......#
#.......#########.# ########
#.......#....# #.# #......#####
#............# #.# ##...........
##+#+###.....# #.# #........####
.#.#.# #.....# #.# #........####
.#.#.# ##.#### #.# #........#.(.


There were no monsters in sight!

Vanquished Creatures
  6 adders (D:2)
  An ooze (D:2)
  A worm (D:2)
  A dart slug (D:2)
  A leopard gecko (D:1)
  2 ball pythons
  10 bats
  2 giant cockroaches
  6 goblins
  5 hobgoblins
  2 jackals (D:2)
  9 kobolds
  A quokka (D:2)
  3 frilled lizards (D:1)
  9 rats
59 creatures vanquished.

Notes
Turn   | Place    | Note
-------+----------+-------------------------------------------
     0 | D:1      | Kairos the Deep Dwarf Fighter began the quest for the Orb.
     0 | D:1      | Reached XP level 1. HP: 20/20 MP: 1/1
   135 | D:1      | Reached XP level 2. HP: 24/27 MP: 2/2
   286 | D:1      | Reached XP level 3. HP: 23/34 MP: 3/3
   704 | D:2      | Found a glowing golden altar of the Shining One.
   755 | D:2      | Reached XP level 4. HP: 18/42 MP: 4/4
   951 | D:2      | Reached skill level 4 in Armour
  1078 | D:2      | Found a blossoming altar of Fedhas.
  1587 | D:2      | Quit the game

Skill      XL: |  1  2  3  4 |
---------------+-------------+-----
Fighting       | 3 |  3.4
Axes           | 3 |  3.6
Armour         | 4 |  4.1
Dodging        | |  0.3
Shields        | |  3.8

Action                   |  1- 3 |  4- 6 || total
-------------------------+-------+-------++-------
Melee: War axe           |   106 |    52 ||   158
  Use: Scroll            |     2 |     1 ||     3
       Potion            |       |     1 ||     1
  Eat: Chunk             |       |     1 ||     1
Armor: Scale mail        |    50 |    32 ||    82
Dodge: Dodged            |    31 |    17 ||    48
Block: Shield            |    62 |    35 ||    97
